 Dungeon Crawl Stone Soup version 0.20-a0-32-gb8e7c72 (webtiles) character file.

252 Faca the Skirmisher (level 5, -3/46 HPs)
             Began as a Centaur Fighter on Nov 8, 2016.
             Slain by an ogre
             ... wielding a +0 giant club
              (19 damage)
             ... on level 4 of the Dungeon on Nov 9, 2016.
             The game lasted 00:26:37 (3056 turns).

Faca the Skirmisher (Centaur Fighter)               Turns: 3056, Time: 00:26:37

Health: -3/46      AC:  8    Str: 19    XL:     5   Next: 89%
Magic:  0/5        EV:  3    Int:  7    God:
Gold:   146        SH:  8    Dex:  9    Spells: 0 memorised, 4 levels left

rFire  + . .     SeeInvis .     w - +3 short sword
rCold  . . .     Gourm    .     t - +0 chain mail
rNeg   . . .     Faith    .     c - +0 shield
rPois  .         Spirit   +     (no helmet)
rElec  .         Reflect  .     (no cloak)
rCorr  .         Harm     .     (no gloves)
MR     .....                    (no barding)
Stlth  ..........               h - amulet of guardian spirit
                                q - ring of stealth
                                l - ring of protection from fire

@: very quick
A: hooves 3, deformed body, speed 2, tough skin 3
a: no special abilities


You were on level 4 of the Dungeon.
You were hungry.

You visited 1 branch of the dungeon, and saw 4 of its levels.

You collected 146 gold pieces.

Inventory:

Hand Weapons
 a - a +0 long sword
 w - a +3 short sword (weapon)
Missiles
 e - 47 arrows
 y - 19 bolts
Armour
 c - a +0 shield (worn)
 t - a +0 chain mail (worn)
Jewellery
 h - an amulet of guardian spirit (around neck)
 l - a ring of protection from fire (left hand)
 q - a ring of stealth (right hand)
Wands
 u - a wand of slowing (26/48)
Scrolls
 b - a scroll of enchant armour {unknown}
 i - 3 scrolls of recharging
 k - a scroll of enchant weapon {unknown}
 m - a scroll of immolation {unknown}
 p - 2 scrolls of teleportation {unknown}
 v - a scroll of noise {unknown}
 D - 3 scrolls of remove curse {unknown}
Potions
 d - a potion of might
 g - a potion of cancellation {unknown}
 j - 3 potions of curing
 n - 2 potions of flight {unknown}
 o - a potion of haste {unknown}
 A - a potion of brilliance {unknown}
 B - a potion of degeneration {unknown}
 C - a potion of cure mutation {unknown}
Comestibles
 f - a bread ration
 r - a slice of pizza
 s - a meat ration
 x - 3 fruits
 z - a beef jerky


   Skills:
 * Level 4.0 Fighting
 * Level 1.2(2.1) Short Blades
 - Level 2.5(2.7) Long Blades
 + Level 3.1 Armour
 + Level 1.0 Dodging
 + Level 3.1 Shields


You had 4 spell levels left.
You didn't know any spells.

Dungeon Overview and Level Annotations

Branches:
Dungeon (4/15)
 Temple: D:4-7

Altars:
Ashenzari
Uskayaw


Innate Abilities, Weirdness & Mutations

You have hooves in place of feet.
Armour fits poorly on your strangely shaped body.
You cover ground very quickly.
You have extremely tough skin. (AC +3)


Message History

Items here: ††††† a jackal corpse; a hound corpse; a howler monkey corpse; a jackal corpse a hound corpse You barely miss the ogre.
You kick the ogre, but do no damage. The ogre hits you with a giant club!
You hit the ogre. You kick the ogre.
The ogre is lightly wounded.
You hit the ogre.
The ogre is moderately wounded.
You block the ogre's attack.
You hit the ogre but do no damage.
The ogre is moderately wounded.
The ogre hits you with a giant club!!
You puncture the ogre! You kick the ogre.
The ogre is heavily wounded.
You block the ogre's attack.
You hit the ogre but do no damage. You kick the ogre.
The ogre is severely wounded.
The ogre hits you with a giant club!!
You die...

#..# ##.## ### #..# #.. ##.##
#.# #..# #.# #.## #.#
##.###### #.#
#.......########### ##.#
#######......@O†..#######†.###
###########..........†..
#...<......... ##############


You could see an ogre.

Vanquished Creatures
  A howler monkey (D:4)
  2 hounds (D:4)
  Ijyb (D:3)
  5 adders (D:2)
  2 oozes
  2 dart slugs
  2 leopard geckos (D:2)
  9 bats
  3 giant cockroaches
  6 goblins
  10 hobgoblins
  6 jackals (D:4)
  8 kobolds
  A quokka (D:2)
  6 frilled lizards
  8 rats
72 creatures vanquished.

Notes
Turn   | Place    | Note
-------+----------+-------------------------------------------
     0 | D:1      | Faca the Centaur Fighter began the quest for the Orb.
     0 | D:1      | Reached XP level 1. HP: 19/19 MP: 1/1
   120 | D:1      | Reached XP level 2. HP: 24/26 MP: 0/2
   376 | D:1      | Reached XP level 3. HP: 28/31 MP: 1/3
   925 | D:2      | Reached XP level 4. HP: 37/39 MP: 4/4
  2153 | D:3      | Noticed Ijyb
  2178 | D:3      | Killed Ijyb
  2178 | D:3      | Reached XP level 5. HP: 44/46 MP: 5/5
  2204 | D:3      | Found a faded altar of an unknown god.
  2204 | D:3      | Found a faded altar of an unknown god.
  2211 | D:3      | Found a hide-covered altar of Uskayaw.
  2213 | D:3      | Found a faded altar of an unknown god.
  2214 | D:3      | Found a faded altar of an unknown god.
  2655 | D:3      | Found a shattered altar of Ashenzari.
  2954 | D:4      | Reached skill level 1 in Short Blades
  2961 | D:4      | Reached skill level 4 in Fighting
  2961 | D:4      | Reached skill level 1 in Dodging
  3040 | D:4      | Noticed an ogre
  3056 | D:4      | Slain by an ogre

Vault maps used:
D:1:      evilmike_arrival_fibonacci_small
D:3:      chequers_temple_overflow_minitemple, ashenzari_altar_1, first_bread,
          uniq_iyjb

Skill      XL: |  1  2  3  4  5 |
---------------+----------------+-----
Long Blades    | 2 |  2.5
Shields        | 3 |  3.1
Short Blades   | 1 |  1.2
Armour         | 3 |  3.1
Fighting       | 4 |  4.0
Dodging        | 1 |  1.0

Action                   |  1- 3 |  4- 6 || total
-------------------------+-------+-------++-------
Melee: Long sword        |   106 |    63 ||   169
       Kick              |    18 |    34 ||    52
       Short sword       |       |   102 ||   102
  Use: Scroll            |     1 |     2 ||     3
  Eat: Bread ration      |       |     1 ||     1
Armor: Scale mail        |    18 |       ||    18
       Ring mail         |    23 |       ||    23
       Chain mail        |    43 |   115 ||   158
Dodge: Dodged            |    25 |    14 ||    39
Block: Shield            |    56 |    91 ||   147
       Rpst.: Long sword |    11 |     3 ||    14
